 Dungeon Crawl Stone Soup version 0.25.1-11-g244df3a29b (webtiles) character file.

Game seed: 8234262717696345587

1276 Froggeryz the Gouger (level 8, 40/40 HPs)
             Began as a Felid Berserker on Apr 20, 2022.
             Was a Priest of Trog.
             Quit the game on level 8 of the Dungeon.
             The game lasted 00:08:37 (10068 turns).

Froggeryz the Gouger (Felid Berserker)             Turns: 10068, Time: 00:08:37

Health: 40/40      AC:  2    Str: 14    XL:     8   Next: 28%
Magic:  18/18      EV: 22    Int:  8    God:    Trog [***...]
Gold:   388        SH:  0    Dex: 18    Spells: 7/7 levels left
                                        Lives:  0   Deaths: 2

rFire    . . .     SeeInvis +     - Unarmed
rCold    . . .     Gourm    .   (shield unavailable)
rNeg     . . .     Faith    .   (armour unavailable)
rPois    .         Spirit   .   (helmet unavailable)
rElec    .         Reflect  .   (cloak unavailable)
rCorr    .         Harm     .   (gloves unavailable)
MR       +....                  (boots unavailable)
Stlth    ++........             (no amulet)
HPRegen  0.13/turn              m - ring of magical power
MPRegen  0.16/turn              (no ring)

@: quick
A: very small, no armour, no weapons or thrown items, stealth, claws 1, fangs 3,
see invisible, carnivore, speed 1, shaggy fur 2, slow metabolism 1, sharp paws
a: Berserk, Trog's Hand, Renounce Religion


You were on level 8 of the Dungeon.
You worshipped Trog.
Trog was most pleased with you.
You were not hungry.

You visited 2 branches of the dungeon, and saw 9 of its levels.

You collected 388 gold pieces.

Inventory:

Jewellery
 m - a ring of magical power (left paw)
Wands
 l - a wand of enslavement (6)
 p - a wand of flame (20)
 v - a wand of disintegration (5)
Scrolls
 d - 2 scrolls of identify
 j - 2 scrolls of magic mapping
 n - 2 scrolls of fog
 r - 2 scrolls of teleportation
Potions
 b - a potion of ambrosia {unknown}
 c - 4 potions of heal wounds
 e - 2 potions of mutation
 f - a potion of cancellation {unknown}
 g - 2 potions of flight
 h - a potion of lignification {unknown}
 o - 2 potions of curing {unknown}
 q - a potion of resistance {unknown}
 s - a potion of invisibility {unknown}
 t - 2 potions of berserk rage {unknown}
Comestibles
 a - 11 rations


   Skills:
 + Level 7.2 Fighting
 - Level 6.3 Dodging
 * Level 11.3 Unarmed Combat


You had 7 spell levels left.
You didn't know any spells.
Your spell library was empty.

Dungeon Overview and Level Annotations

Branches:
Dungeon (8/15)             Temple (1/1) D:5
   Lair: D:8-11

Altars:
Ashenzari
Dithmenos
Fedhas
Hepliaklqana
Nemelex Xobeh
Okawaru
Sif Muna
Vehumet
Wu Jian
Yredelemnul


Innate Abilities, Weirdness & Mutations

You cannot wear armour.
You are incapable of wielding weapons or throwing items.
Your paws allow you to move quietly. (Stealth)
You have sharp claws.
You have razor-sharp teeth.
You have supernaturally acute eyesight. (SInv)
You are carnivorous and can eat meat at any time.
You cover ground quickly.
You are covered in thick fur. (AC +2)
You have a slow metabolism.
Your sharp claws are effective at attacking unaware monsters.


Message History

The bullfrog is almost dead.
The wyvern completely misses you. The bullfrog completely misses you.
The hippogriff barely misses you. The hippogriff closely misses you.
The hippogriff claws you!
You mangle the bullfrog!!
You kill the bullfrog!
Trog accepts your kill. The wyvern bites you!!
* * * LOW HITPOINT WARNING * * *
The adder completely misses you.
You closely miss the wyvern. The wyvern misses you. The hippogriff bites you!
You die...
The hippogriff pecks you but does no damage.
The hippogriff completely misses you.
You are now level 8!
You rejoin the land of the living...
Found a robe.
Unknown command.
You can't grasp things well enough to throw them.
Are you sure you want to abandon this character and quit the game? (Confirm with "yes".)

#####
.... #..#
##..#
#..@#
#..#.#
#... #..
##. ###.
... ..
###. #[
.### ..#r
.#
....###..
#
#........


There were no monsters in sight!

Vanquished Creatures
  An ugly thing (D:7)
  Prince Ribbit (D:5)
  A hippogriff (D:7)
  Sigmund (D:4)
  A water moccasin (D:7)
  A sky beast (D:3)
  3 ogres
  A centaur (D:7)
  3 bullfrogs
  2 scorpions
  11 wights
  A crimson imp (D:7)
  An orc priest (D:7)
  2 jellies
  A quasit (D:7)
  2 bullfrog skeletons (D:5)
  A gnoll shaman (D:6)
  A centaur skeleton (D:7)
  2 hounds
  Ijyb (D:4)
  2 iguanas
  2 orc wizards
  2 worker ants (D:6)
  12 adders
  11 gnolls
  2 shadow imps (D:7)
  An ooze (D:7)
  An adder skeleton (D:7)
  3 worms
  A dart slug (D:1)
  2 leopard geckos
  22 orcs
  A ball python (D:5)
  4 giant cockroaches
  5 goblins
  4 hobgoblins
  12 jackals
  4 quokkas
  3 bats
  A frilled lizard (D:1)
  6 kobolds
  8 rats
147 creatures vanquished.

Vanquished Creatures (others)
  5 toadstools (D:1)
5 creatures vanquished.

Grand Total: 152 creatures vanquished

Notes
Turn   | Place    | Note
-------+----------+-------------------------------------------
     0 | D:1      | Froggeryz the Felid Berserker began the quest for the Orb.
     0 | D:1      | Reached XP level 1. HP: 10/10 MP: 2/2
   591 | D:1      | Reached XP level 2. HP: 10/14 MP: 3/3
   999 | D:2      | Reached skill level 4 in Unarmed Combat
  1007 | D:2      | Reached XP level 3. HP: 17/17 MP: 4/4
  2786 | D:3      | Noticed a sky beast
  2796 | D:3      | Killed a sky beast
  2796 | D:3      | Reached skill level 5 in Dodging
  2796 | D:3      | Reached skill level 5 in Unarmed Combat
  2796 | D:3      | Reached XP level 4. HP: 21/21 MP: 5/5
  2796 | D:3      | Reached XP level 5. HP: 24/24 MP: 6/6
  2842 | D:3      | Found an ornate altar of the Wu Jian Council.
  2877 | D:3      | Reached ** piety under Trog
  4117 | D:4      | Reached skill level 6 in Unarmed Combat
  4117 | D:4      | Gained mutation: You are covered in thick fur. (AC +2)
                  | [Felid growth]
  4117 | D:4      | Reached XP level 6. HP: 28/28 MP: 7/7
  4152 | D:4      | Noticed Sigmund
  4247 | D:4      | Killed Sigmund
  4354 | D:4      | Found a basalt altar of Yredelemnul.
  4482 | D:4      | Reached XP level 7. HP: 25/31 MP: 8/8
  4531 | D:4      | Noticed Ijyb
  4535 | D:4      | Killed Ijyb
  4535 | D:4      | Reached skill level 7 in Unarmed Combat
  5074 | D:5      | Entered Level 5 of the Dungeon
  5416 | D:5      | Noticed Prince Ribbit
  5710 | D:5      | Found a staircase to the Ecumenical Temple.
  5724 | D:5      | Reached skill level 8 in Unarmed Combat
  6073 | D:5      | HP: 1/33 [ogre/+0 giant club (32)]
  6377 | D:5      | Reached XP level 8. HP: 28/36 MP: 9/9
  6612 | D:5      | Slain by Prince Ribbit
  6613 | D:5      | Reached XP level 7. HP: 0/33 MP: 17/17
  6700 | D:5      | Killed Prince Ribbit
  6700 | D:5      | Reached skill level 5 in Fighting
  6985 | Temple   | Entered the Ecumenical Temple
  7008 | D:6      | Found a shadowy altar of Dithmenos.
  7029 | D:6      | Reached skill level 9 in Unarmed Combat
  7459 | D:6      | Reached *** piety under Trog
  7467 | D:6      | Reached XP level 8. HP: 5/37 MP: 9/9
  7768 | D:6      | Found a radiant altar of Vehumet.
  7768 | D:6      | Found a hazy altar of Hepliaklqana.
  7982 | D:6      | Found a shimmering blue altar of Sif Muna.
  8387 | D:6      | HP: 1/38 [wight/cursed +2 great sword of freezing (2)]
  8919 | D:7      | Noticed a green ugly thing
  8930 | D:7      | Reached skill level 10 in Unarmed Combat
  8935 | D:7      | Killed a green ugly thing
  8984 | D:7      | Found a shattered altar of Ashenzari.
  9034 | D:7      | Reached XP level 9. HP: 27/42 MP: 10/10
  9510 | D:7      | Reached skill level 11 in Unarmed Combat
 10067 | D:8      | Slain by a hippogriff
 10068 | D:8      | Reached XP level 8. HP: -2/60 MP: 18/18
 10068 | D:8      | Quit the game

Illustrated notes

Levels and vault maps discovered:
D:1:      ldierk_walled_garden, layout_loops_ring
D:2:      layout_basic, hangedman_decor_growths, minmay_misc_feat_cross
D:3:      layout_basic, lemuel_round_altar
D:4:      layout_basic, yredelemnul_altar_generic, first_ration, uniq_ijyb,
          uniq_sigmund
D:5:      layout_layer_cave, minmay_temple_entry_grid,
          hangedman_decor_peaks_small, uniq_prince_ribbit1
D:6:      layout_basic, lemuel_blue_sif_altar, gammafunk_temple_overflow_wave,
          nicolae_dithmenos_shadow_blocks
D:7:      layout_loops_ring, ashenzari_altar_1
D:8:      layout_rooms, minitemple, lemuel_centaur_altar
Temple:   zaba_magenta_temple

Skill      XL: |  1  2  3  4  5  6  7  8  9 |
---------------+----------------------------+-----
Unarmed Combat | 4 5 6 9 10 11 | 11.3
Dodging        | 5 6 |  6.3
Fighting       | 5 6 7 |  7.2

Action                   |  1- 3 |  4- 6 |  7- 9 || total
-------------------------+-------+-------+-------++-------
Melee: Unarmed           |    92 |   144 |   273 ||   509
       Bite              |     5 |    15 |    37 ||    57
       Punch             |       |     3 |    18 ||    21
Invok: Berserk           |     1 |     1 |     3 ||     5
       Trog's Hand       |       |     2 |     1 ||     3
Evoke: Wand              |       |       |     3 ||     3
  Use: Scroll            |     2 |     9 |     5 ||    16
 Stab: Sleeping          |     5 |     3 |     5 ||    13
  Eat: Chunk             |    11 |     6 |    17 ||    34
Armor: Skin              |     2 |     5 |     9 ||    16
Dodge: Dodged            |    64 |   157 |   196 ||   417
